 Dungeon Crawl Stone Soup version 0.17-a0-737-gf0a300a (webtiles) character file.

7917 gundabalf the Cleaver (level 11, 0/99 HPs)
             Began as a Minotaur Fighter on Apr 9, 2015.
             Was a Believer of Trog.
             Slain by a seven-headed hydra (7 damage)
             ... on level 1 of the Lair of Beasts on Apr 28, 2015.
             The game lasted 01:08:15 (11515 turns).

gundabalf the Cleaver (Minotaur Fighter)           Turns: 11515, Time: 01:08:15

Health: 0/99       AC: 13    Str: 22    XL:     11   Next: 3%
Magic:  10/10      EV:  9    Int:  7    God:    Trog [**....]
Gold:   424        SH: 12    Dex: 10    Spells: 0 memorised, 10 levels left

rFire  . . .     SeeInvis .     P - +0 morningstar
rCold  . . .     Clarity  .     A - +0 chain mail
rNeg   . . .     SustAb   .     c - +0 shield
rPois  +         Gourm    .     (helmet restricted)
rElec  .         Spirit   .     (no cloak)
rCorr  .         Warding  .     (no gloves)
rMut   .         Stasis   .     u - +0 pair of boots
MR     .....                    (no amulet)
Stlth  ..........               (no ring)
                                i - ring of poison resistance

@: not resistant to hostile enchantments, extremely unstealthy
A: retaliatory headbutt, horns 2
a: Burn Spellbooks, Berserk, Trog's Hand, Renounce Religion


You were on level 1 of the Lair of Beasts.
You worshipped Trog.
Trog was pleased with you.
You were not hungry.

You visited 3 branches of the dungeon, and saw 11 of its levels.

You collected 534 gold pieces.
You spent 110 gold pieces at shops.

Inventory:

Hand weapons
 a - a +0 war axe
 P - a +0 morningstar (weapon)
Armour
 c - a +0 shield (worn)
 u - a +0 pair of boots (worn)
 A - a +0 chain mail (worn)
Jewellery
 e - a cursed ring of magical power
 i - a ring of poison resistance (left hand)
 j - a cursed ring of magical power
Magical devices
 d - a wand of flame (15)
 l - a wand of frost (40)
 x - a wand of cold (0)
 E - a wand of fireball (4)
 G - a wand of disintegration (3)
 H - a wand of random effects (20)
 J - a wand of confusion (33)
Scrolls
 b - a scroll of fear
 k - 8 scrolls of teleportation
 n - 6 scrolls of remove curse
 q - a scroll of enchant armour
 y - 2 scrolls of amnesia
 F - 2 scrolls of noise
 I - 2 scrolls of immolation {unknown}
 L - 2 scrolls of magic mapping {unknown}
 M - a scroll of recharging {unknown}
 N - a scroll of enchant weapon {unknown}
 O - a scroll of acquirement {unknown}
Potions
 g - a potion of lignification
 h - a potion of cure mutation
 m - a potion of degeneration {unknown}
 o - 2 potions of magic {unknown}
 r - a potion of experience {unknown}
 s - 4 potions of agility {unknown}
 v - 2 potions of cancellation {unknown}
 w - a potion of haste
 z - a potion of invisibility {unknown}
 C - a potion of mutation {unknown}
 D - a potion of poison {unknown}
 K - a potion of berserk rage {unknown}
Books
 Q - a book of the Tempests

   Spells                             Type                      Level
   a - Static Discharge               Conjuration/Air              3
   b - Lightning Bolt                 Conjuration/Air              5
   c - Fireball                       Conjuration/Fire             5
   d - Tornado                        Air                          9
   e - Shatter                        Earth                        9
   Trog disapproves of the use of such an item.
Comestibles
 t - 6 fruits
 B - 7 meat rations


   Skills:
 + Level 9.9 Fighting
 + Level 10.8 Axes
 + Level 10.0 Armour
 + Level 4.7 Dodging
 + Level 0.8 Stealth
 + Level 10.5 Shields
 + Level 0.6 Evocations


You had 10 spell levels left.
You didn't know any spells.

Dungeon Overview and Level Annotations

Branches:
Dungeon (9/15)             Temple (1/1) D:6            Lair (1/8) D:9
    Orc: D:9-12

Altars:
Ashenzari
Cheibriados
Dithmenos
Elyvilon
Fedhas
Gozag
Kikubaaqudgha
Makhleb
Nemelex Xobeh
Okawaru
Qazlal
Ru
Sif Muna
Trog
Vehumet
Xom
Yredelemnul
Zin
The Shining One

Shops:
D:4 *%*   D:5 *   D:7 [


Innate Abilities, Weirdness & Mutations

You reflexively headbutt those who attack you in melee.
You have a pair of horns on your head.


Message History

* * * LOW HITPOINT WARNING * * *
The seven-headed hydra bites you.
* * * LOW HITPOINT WARNING * * *
The seven-headed hydra bites you but does no damage. x2
The seven-headed hydra barely misses you.
You feel much better.
The seven-headed hydra bites you but does no damage.
The seven-headed hydra bites you.
The seven-headed hydra bites you but does no damage.
The seven-headed hydra bites you.
The seven-headed hydra bites you but does no damage. x3
You sock the seven-headed hydra!
The seven-headed hydra is heavily wounded.
You block the seven-headed hydra's attack. x2
The seven-headed hydra bites you!
* * * LOW HITPOINT WARNING * * *
The seven-headed hydra bites you!
* * * LOW HITPOINT WARNING * * *
The seven-headed hydra bites you!
You die...

##.#..#.#
..#..##.#.####
#.#..##.......
##..#.###..####
..##......#
#.##...#### ######
#.##..##
###P.#.###......#
##....D@.##...#.##
.......P...##.†##.#
..............##.#
#.####.#......P..#
. ###.........#
###..#.###.# #..#.#
#. #..#.# ......


You could see a seven-headed hydra.

Vanquished Creatures
  Pikel (D:7)
  A komodo dragon (Lair:1)
  A two-headed ogre (D:9)
  10 yaks (D:9)
  2 wraiths
  2 hippogriffs (D:9)
  2 basilisks
  Menkaure (D:6)
  Edmund (D:5)
  A sky beast (D:8)
  A phantom (D:4)
  A water moccasin (Lair:1)
  An ice beast (D:9)
  4 porcupines (D:9)
  2 orc warriors (D:7)
  A wasp (D:9)
  3 ogres
  A necrophage (D:8)
  4 centaurs
  4 crocodiles (D:9)
  5 giant frogs
  3 scorpions (D:5)
  4 wights (D:6)
  3 killer bees (D:9)
  A jelly (D:7)
  2 crimson imps
  A giant frog zombie (D:5)
  5 hounds
  3 giant frog skeletons
  8 human zombies (D:8)
  3 orc priests
  A centaur skeleton (D:9)
  A human skeleton (D:8)
  4 orc wizards
  5 iguanas
  10 worker ants
  A hound zombie (D:5)
  2 hound skeletons
  A mummy (D:8)
  A worker ant zombie (D:5)
  Robin (D:3)
  12 adders
  2 river rats (D:9)
  A gnoll (D:1)
  2 shadow imps
  6 worms
  2 adder skeletons
  2 adder zombies (D:5)
  2 giant geckos
  3 oozes
  14 orcs
  17 hobgoblins
  15 kobolds
  6 quokkas
  6 ball pythons
  15 bats
  9 giant cockroaches
  6 giant newts
  19 goblins
  10 jackals
  A quokka skeleton (D:5)
  11 rats
  7 ballistomycetes (D:7)
  A plant (D:9)
278 creatures vanquished.

Vanquished Creatures (others)
  2 slaves (D:7)
  An iguana (D:7)
  A giant gecko (D:7)
  4 orcs (D:7)
  A hobgoblin (D:7)
  2 giant spores (D:7)
  A kobold (D:3)
  A rat (D:7)
  A ballistomycete (D:7)
14 creatures vanquished.

Grand Total: 292 creatures vanquished

Notes
Turn   | Place    | Note
--------------------------------------------------------------
     0 | D:1      | gundabalf, the Minotaur Fighter, began the quest for the Orb.
     0 | D:1      | Reached XP level 1. HP: 19/19 MP: 0/0
   430 | D:1      | Reached XP level 2. HP: 25/27 MP: 1/1
   448 | D:1      | Reached skill level 4 in Armour
   901 | D:1      | Reached XP level 3. HP: 33/33 MP: 2/2
  1618 | D:2      | Reached XP level 4. HP: 30/41 MP: 3/3
  2088 | D:2      | Found a sparkling altar of Nemelex Xobeh.
  2283 | D:3      | Found a shattered altar of Ashenzari.
  2308 | D:3      | Noticed Robin
  2312 | D:3      | Killed Robin
  2394 | D:3      | Reached XP level 5. HP: 43/47 MP: 4/4
  2587 | D:3      | Found a radiant altar of Vehumet.
  2877 | D:4      | Reached skill level 5 in Armour
  2877 | D:4      | Reached skill level 1 in Dodging
  2925 | D:4      | Found Poapnant's General Store.
  3092 | D:4      | Noticed an ogre
  3099 | D:4      | Killed an ogre
  3099 | D:4      | Reached skill level 5 in Fighting
  3099 | D:4      | Reached XP level 6. HP: 42/56 MP: 5/5
  3235 | D:4      | Noticed an ogre
  3241 | D:4      | Killed an ogre
  3241 | D:4      | Reached skill level 5 in Axes
  3593 | D:4      | Reached skill level 5 in Shields
  3639 | D:4      | Reached XP level 7. HP: 59/61 MP: 6/6
  3667 | D:4      | Noticed a phantom
  3684 | D:4      | Found Egamnil's General Store.
  3726 | D:4      | Bought a potion of haste for 110 gold pieces
  3747 | D:4      | Killed a phantom
  4098 | D:4      | Found Kavad's Food Shop.
  4157 | D:5      | Entered Level 5 of the Dungeon
  4160 | D:5      | Upgraded the game from 0.17-a0-484-g0e03f6a to 0.17-a0-622-g12d63cc
  4244 | D:5      | Found an opulent altar of Gozag.
  4308 | D:5      | Reached skill level 6 in Fighting
  4730 | D:5      | Found Kutib's Assorted Antiques.
  4847 | D:5      | Noticed a wraith
  4902 | D:5      | Killed a wraith
  4902 | D:5      | Reached XP level 8. HP: 28/71 MP: 7/7
  5177 | D:5      | Upgraded the game from 0.17-a0-622-g12d63cc to 0.17-a0-737-gf0a300a
  5181 | D:5      | Found an iron altar of Okawaru.
  5363 | D:5      | Noticed Edmund
  5394 | D:5      | Killed Edmund
  5476 | D:5      | Reached skill level 7 in Axes
  5532 | D:6      | Found a white marble altar of Elyvilon.
  5767 | D:6      | Found a sand-covered staircase.
  5944 | D:6      | Found a staircase to the Ecumenical Temple.
  5954 | Temple   | Entered the Ecumenical Temple
  5967 | Temple   | Became a worshipper of Trog the Wrathful
  6102 | D:6      | Noticed Menkaure
  6110 | D:6      | Killed Menkaure
  6719 | D:6      | Reached XP level 9. HP: 72/79 MP: 8/8
  6812 | D:7      | Noticed Pikel
  6852 | D:7      | Killed Pikel
  6852 | D:7      | Reached skill level 8 in Axes
  7267 | D:7      | Acquired Trog's first power
  7423 | D:7      | Found Taw Sag's Antique Armour Shoppe.
  7791 | D:8      | Found a snail-covered altar of Cheibriados.
  7980 | D:8      | Reached skill level 9 in Shields
  8174 | D:8      | Found a basalt altar of Yredelemnul.
  8303 | D:8      | Reached XP level 10. HP: 81/90 MP: 9/9
  9585 | D:9      | Found a flagged portal.
  9728 | D:9      | Acquired Trog's second power
  9737 | D:9      | Reached skill level 10 in Shields
  9744 | D:9      | Reached skill level 10 in Axes
 10143 | D:9      | Found a staircase to the Lair.
 11054 | Lair:1   | Entered Level 1 of the Lair of Beasts
 11073 | Lair:1   | Reached XP level 11. HP: 62/99 MP: 10/10
 11494 | Lair:1   | Reached skill level 10 in Armour
 11501 | Lair:1   | Noticed a seven-headed hydra
 11515 | Lair:1   | Slain by a seven-headed hydra

Action                   |  1- 3 |  4- 6 |  7- 9 | 10-12 || total
-------------------------+-------+-------+-------+-------++-------
Melee: War axe           |    79 |   136 |   496 |   290 ||  1001
       Morningstar       |       |       |       |     6 ||     6
Evoke: Wand              |       |       |     4 |       ||     4
  Use: Scroll            |     7 |       |     8 |     2 ||    17
       Potion            |       |       |     3 |     4 ||     7
  Eat: Chunk             |     1 |       |     2 |     3 ||     6
       Bread ration      |       |     2 |     2 |     1 ||     5
       Beef jerky        |       |       |     1 |       ||     1
       Pizza             |       |       |       |     3 ||     3
       Royal jelly       |       |       |       |     1 ||     1
